 Dungeon Crawl Stone Soup version 0.29-a0-284-gf9362112df (webtiles) character file.

Game seed: 3098878840265546798

305 spaghetti the Sneak (level 6, -5/36 HPs)
             Began as an Octopode Necromancer on Mar 22, 2022.
             Was an Initiate of Yredelemnul.
             Slain by an orc
             ... wielding a +0 hand axe
              (7 damage)
             ... on level 4 of the Dungeon.
             The game lasted 00:04:12 (2061 turns).

spaghetti the Sneak (Octopode Necromancer)          Turns: 2061, Time: 00:04:13

Health: -5/36      AC:  1    Str:  7    XL:     6   Next: 39%
Magic:  12/12      EV: 13    Int: 19    God:    Yredelemnul [......]
Gold:   121        SH:  0    Dex: 13    Spells: 8/13 levels left

rFire   + . .      SeeInvis .   d - +3 whip {mace}
rCold   . . .      Faith    .   (no shield)
rNeg    + . .      Spirit   .   (helmet restricted)
rPois   .          Reflect  .   (no amulet)
rElec   .          Harm     .   g - ring of positive energy
rCorr   .          Rampage  .   i - ring of protection from fire
Will    .....                   (no ring)
Stlth   ++++......              (no ring)
HPRegen 0.12/turn               (no ring)
MPRegen 0.13/turn               (no ring)
                                (no ring)
                                (no ring)

@: no status effects
A: almost no armour, amphibious, 8 rings, camouflage 1, gelatinous body 1,
(nimble swimmer 1), tentacles
a: Renounce Religion, Recall Undead Harvest


You were on level 4 of the Dungeon.
You worshipped Yredelemnul.
Yredelemnul was noncommittal.
You visited 2 branches of the dungeon, and saw 5 of its levels.

You collected 121 gold pieces.


Innate Abilities, Weirdness & Mutations

You cannot wear most types of armour.
You are amphibious.
You can wear up to eight rings at the same time.
Your skin changes colour to match your surroundings (Stealth+).
Your rubbery body absorbs attacks. (AC +1, EV +1)
((You are camouflaged when in or above water. (Stealth+)))
You have tentacles for arms and can constrict up to eight enemies at once.


   Skills:
 - Level 2.0 Dodging
 + Level 7.2 Stealth
 + Level 4.2 Spellcasting
 - Level 4.0 Necromancy


You had 8 spell levels left.
You knew the following spells:

 Your Spells              Type           Power      Damage    Failure   Level
a - Pain                  Necr           76%        1d7       2%          1
b - Animate Dead          Necr           9%         N/A       26%         4

Your spell library contained the following spells:

 Spells                   Type           Power      Damage    Failure   Level
 Animate Skeleton         Necr           38%        N/A       2%          1
 Vampiric Draining        Necr           19%        2d7       8%          3
 Slow                     Hex            16%        N/A       14%         1
 Confusing Touch          Hex            4%         N/A       38%         3
 Agony                    Necr           19%        N/A       58%         5

Inventory:

Hand Weapons
 d - a +3 whip (weapon) {mace}
   (You took it off a kobold on level 1 of the Dungeon)
Missiles
 m - 7 stones {throwing}
Magical Staves
 h - a staff of poison {!astaff}
   (You found it on level 1 of the Dungeon)
Jewellery
 g - a ring of positive energy (left tentacle)
   (You found it on level 1 of the Dungeon)
 i - a ring of protection from fire (right tentacle)
   (You found it on level 1 of the Dungeon)
Scrolls
 b - a scroll of identify {unknown}
 c - 2 scrolls of enchant weapon {unknown}
 f - a scroll of enchant armour {unknown}
Potions
 a - a potion of magic
 j - a potion of brilliance {unknown}
 k - a potion of degeneration {unknown}
 l - 2 potions of curing {unknown}

Dungeon Overview and Level Annotations

Branches:
Dungeon (4/15)             Temple (1/1) D:4

Altars:
Ashenzari
Elyvilon
Fedhas
Gozag
Hepliaklqana
Kikubaaqudgha
Okawaru
Qazlal
Ru
Sif Muna
Uskayaw
Vehumet
Xom
Yredelemnul
Zin
The Shining One

#...#......#....#
#...#......'....#
#...####+###....#
#...##....##....#
#...#.....#.....#
#...#.....#.)...#
######'###....Z.....#
####........#..o)#.....#
............####@##....#
................Z.#....#
..................#....#
..................#....#
############......#h...#
# #......#)oo.# #
#......#....#
#......#....#
#......#....#


You could see an orc (ally target), a friendly orc zombie and a friendly howler
monkey zombie.


Message History

You regained 4 hp, and now have 27/36 hp.
Things that are here:
a +1 dire flail of holy wrath {forbiddenmace}; a +0 leather armour Key pressed, stopping explore.
Key pressed, stopping explore.
An orc comes into view.
It is wielding a +0 club. 😎 HP[+9] MP[+5]
Your hp is fully restored (36).
Your mp is fully restored (12).
An orc is nearby!
An orc comes into view. It is wielding a +0 whip.
An orc comes into view. It is wielding a +0 hand axe.
The orc moves out of view.
An orc comes into view. It is wielding a +0 flail.
An orc priest comes into view. It is wielding a +0 hand axe.
A howler monkey comes into view.
The orc moves out of view.
The orc shouts!
The orc writhes in agony.
The howler monkey howls!
The orc shouts!
The orc priest shouts!
The orc priest invokes the aid of Beogh against you.
Beogh smites you! 😮 HP[-14] MP[-1]
You take 14 damage, and now have 22/36 hp.
MASSIVE DAMAGE!! (PAUSE)
You lost 1 mp, and now have 11/12 mp. 😮 MP[+1]
Your mp is fully restored (12). 😮 HP[+1]
The howler monkey hoots and howls with incredible vigour!
You hear an angry hiss.
The howler monkey barely misses your orc wizard zombie.
The howler monkey hits your orc wizard zombie.
Your orc wizard zombie is smitten.
The howler monkey barely misses your orc wizard zombie. 😮 HP[+1]
Something closely misses your orc wizard zombie.
Something hits your orc wizard zombie!
Your orc wizard zombie is destroyed!
The orc closely misses you.
There is an open door here. 😮 HP[+1]
The orc shouts!
You hit the orc.
You kill the orc!
A black mist starts to gather...
There is an open door here.
You closely miss the orc. You grab the orc.
You tentacle-slap the orc, but do no damage.
You constrict the orc. The orc misses you.
The orc hits you with a +0 whip. 😮 HP[-1]
You take 1 damage, and now have 24/36 hp.
You hit the orc. You constrict the orc.
You kill the orc!
A black mist starts to gather...
Something hits your orc zombie.
This spell is extremely dangerous to cast!
Memorise Animate Dead, consuming 4 spell levels and leaving 8?
Your orc zombie hits something.
Something hits your orc zombie.
You start memorising the spell.
You continue memorising.
Your orc zombie hits something.
Something hits your orc zombie.
Your orc zombie is destroyed!
You continue memorising. x2
The orc misses you.
You continue memorising.
The orc misses you.
You finish memorising.
Spell assigned to 'b'. 😮 HP[+1]
You barely miss the orc. Your grab misses the orc. The orc misses you.
You closely miss the orc. You grab the orc. You squeeze the orc!
You kill the orc!
The orc completely misses you.
You hit the howler monkey. Your grab misses the howler monkey.
The howler monkey misses you. The orc closely misses you.
You hit the howler monkey. You grab the howler monkey.
You constrict the howler monkey.
The howler monkey hoots and howls with incredible vigour!
The orc hits you with a +0 hand axe. The howler monkey hits you!
* * * LOW HITPOINT WARNING * * *
You hear a shout! 😨 HP[-14]
You take 14 damage, and now have 11/36 hp.
MASSIVE DAMAGE!! (PAUSE)
You hit the howler monkey but do no damage.
You squeeze the howler monkey. You constrict the howler monkey.
The orc hits you with a +0 hand axe.
* * * LOW HITPOINT WARNING * * *
The howler monkey closely misses you. 😱 HP[-4]
You take 4 damage, and now have 7/36 hp.
You hit the howler monkey. You constrict the howler monkey.
You kill the howler monkey!
A black mist starts to gather...
The orc hits you with a +0 hand axe.
* * * LOW HITPOINT WARNING * * *
😱 HP[-5]
You take 5 damage, and now have 2/36 hp.
You barely miss the orc. You grab the orc. You squeeze the orc.
You constrict the orc. The orc closely misses you.
You release your grip on the orc.
The orc attacks as you move away! The orc hits you with a +0 hand axe!
You die...
Your body rises from the dead as a mindless zombie.

Skill      XL: |  1  2  3  4  5 |
---------------+----------------+-----
Stealth        | 3 5 7 |  7.2
Spellcasting   | 3 4 |  4.2
Dodging        | |  2.0
Necromancy     | |  4.0

Action                   |  1- 3 |  4- 6 || total
-------------------------+-------+-------++-------
Melee: Whip              |    26 |    30 ||    56
       Constrict         |     6 |     6 ||    12
       Tentacles         |     6 |     5 ||    11
       Punch             |       |     1 ||     1
 Cast: Pain              |    10 |    16 ||    26
  Use: Scroll            |     1 |       ||     1
       Potion            |       |     2 ||     2
 Stab: Sleeping          |     5 |       ||     5
Armor: Skin              |     1 |    14 ||    15
Dodge: Dodged            |    23 |    16 ||    39

Levels and vault maps discovered:
D:1:      nzn_arrival_depleted_hourglass, layout_rooms, minmay_misc_feat_doors,
          chequers_avenue
D:2:      layout_basic, shapermc_ecumenical_altar_hornbeckon,
          grunt_decor_arrowhead, pf_guarded_unrand_woodcutter
D:3:      layout_loops_cross, gammafunk_ghost_arena, uniq_crazy_yiuf_cottage
D:4:      minmay_clustersquares, layout_gridville, okawaru_gym_becter,
          lightli_temple_of_fire, minmay_temple_entry_statues_pillars,
          hangedman_abyss_or_decor_stagger, corexii_item_surrounded_by_moat,
          uniq_edmund
Temple:   eino_wide_crystal_templ

Notes
Turn   | Place    | Note
-------+----------+-------------------------------------------
     0 | D:1      | spaghetti the Octopode Necromancer began the quest for the
                  | Orb.
     0 | D:1      | Reached XP level 1. HP: 11/11 MP: 3/3
     0 | D:1      | magus.rc [v1.9.6]
   124 | D:1      | Reached skill level 3 in Stealth
   523 | D:1      | Reached XP level 2. HP: 17/17 MP: 5/5
   531 | D:1      | Reached skill level 4 in Stealth
  1056 | D:2      | You fall into a shaft and drop 2 floors!
  1062 | D:4      | Found a staircase to the Ecumenical Temple.
  1072 | Temple   | Entered the Ecumenical Temple
  1111 | Temple   | Became a worshipper of Yredelemnul the Dark
  1183 | D:4      | You pick up a book of Debilitation and begin reading...
  1183 | D:4      | You add the spells Slow and Confusing Touch to your
                  | library.
  1196 | D:4      | Noticed a howler monkey
  1202 | D:4      | Killed a howler monkey
  1203 | D:4      | Reached skill level 5 in Stealth
  1203 | D:4      | Reached XP level 3. HP: 16/21 MP: 2/6
  1328 | D:4      | HP: 5/21 [ball python (3)]
  1339 | D:4      | Reached XP level 4. HP: 3/27 MP: 3/8
  1363 | D:4      | Reached skill level 3 in Spellcasting
  1466 | D:4      | Found an iron altar of Okawaru.
  1489 | D:4      | Reached XP level 5. HP: 14/31 MP: 7/9
  1828 | D:4      | Reached skill level 6 in Stealth
  1916 | D:4      | Noticed Edmund
  1927 | D:4      | Killed Edmund
  1928 | D:4      | Reached skill level 7 in Stealth
  1928 | D:4      | Reached skill level 4 in Spellcasting
  1928 | D:4      | Reached XP level 6. HP: 27/36 MP: 7/12
  2054 | D:4      | Learned a level 4 spell: Animate Dead
  2058 | D:4      | HP: 7/36 [orc/+0 hand axe (4)]
  2059 | D:4      | HP: 2/36 [orc/+0 hand axe (6)]
  2061 | D:4      | Slain by an orc

Vanquished Creatures
  Edmund (D:4)
  2 howler monkeys (D:4)
  An orc wizard (D:4)
  An iguana (D:4)
  An adder (D:4)
  5 orcs (D:4)
  4 ball pythons
  2 endoplasms
  A giant cockroach (D:1)
  2 goblins (D:4)
  A kobold (D:1)
  A quokka (D:2)
  3 bats (D:1)
  A frilled lizard (D:1)
26 creatures vanquished.

Vanquished Creatures (collateral kills)
  A hound (D:4)
  A ball python (D:4)
2 creatures vanquished.

Vanquished Creatures (others)
  A howler monkey zombie (D:4)
  A goblin zombie (D:4)
  3 orc zombies (D:4)
5 creatures vanquished.

Grand Total: 33 creatures vanquished

Table legend:
 A = Non-vault XP
 B = Vault XP
 C = Vault XP percentage of total XP
 D = Non-vault monster count
 E = Vault monster count
 F = Vault count percentage of total count
                 A         B        C        D         E       F
            +---------+---------+-------+---------+---------+-------
      Total |     273 |     164 |  37.5 |      27 |       1 |   3.6
            +---------+---------+-------+---------+---------+-------
        D:1 |      13 |       0 |   0.0 |       8 |       0 |   0.0
        D:2 |       5 |       0 |   0.0 |       3 |       0 |   0.0
        D:4 |     255 |     164 |  39.1 |      16 |       1 |   5.9
            +---------+---------+-------+---------+---------+-------

Illustrated notes

Table legend:
 A = Kills in this place as a percentage of kills in entire the game.
 B = Kills by you in this place as a percentage of kills by you in the entire game.
 C = Kills by friends in this place as a percentage of kills by friends in the entire game.
 D = Other kills in this place as a percentage of other kills in the entire game.
 E = Experience gained in this place as a percentage of experience gained in the entire game.
 F = Experience gained in this place divided by the number of levels of this place that you have seen.
                   A       B       C       D       E      F
               +-------+-------+-------+-------+-------+----------------------
         Total | 100.0 | 100.0 | 100.0 |   N/A | 100.0 |  87.4
       Dungeon | 100.0 | 100.0 | 100.0 |   N/A | 100.0 | 109.2
               +-------+-------+-------+-------+-------+----------------------

Table legend: (Time is in decaauts)
 A = Elapsed time spent in this place.
 B = Non-inter-level travel time spent in this place.
 C = Inter-level travel time spent in this place.
 D = Time resting spent in this place.
 E = Time spent auto-exploring this place.
 F = Levels seen in this place.
 G = Mean time per level.
                   A        B        C        D        E       F      G
               +--------+--------+--------+--------+--------+-----+--------+
         Total |   2065 |   1997 |     68 |    260 |   1444 |   5 |  413.0 |
       Dungeon |   2006 |   1949 |     57 |    260 |   1414 |   4 |  501.5 |
        Temple |     58 |     47 |     11 |      0 |     30 |   1 |   58.0 |
               +--------+--------+--------+--------+--------+-----+--------+

Top non-repeatable levels by time:
     D:4: 948 daAuts
     D:1: 846 daAuts
     D:2: 209 daAuts
  Temple: 58 daAuts
     D:3: 1 daAuts
